 Dungeon Crawl Stone Soup version 0.29.0-11-gd7f09526c8 (webtiles) character file.

Game seed: 15083476677514565567

18 greasedhog the Trooper (level 2, -2/18 HPs)
             Began as a Deep Elf Abyssal Knight on Sept 7, 2022.
             Was a Believer of Lugonu.
             Slain by a gnoll
             ... wielding a +0 halberd
              (15 damage)
             ... on level 2 of the Dungeon.
             The game lasted 00:01:13 (898 turns).

greasedhog the Trooper (Deep Elf Abyssal Knight)     Turns: 898, Time: 00:01:14

Health: -2/18      AC:  3    Str: 10    XL:     2   Next: 51%
Magic:  5/5        EV: 12    Int: 14    God:    Lugonu [**....]
Gold:   28         SH:  0    Dex: 15    Spells: 1/1 levels left

rFire   . . .      SeeInvis .   a - +1 short sword
rCold   . . .      Faith    .   (no shield)
rNeg    . . .      Spirit   .   b - +0 leather armour
rPois   .          Reflect  .   (no helmet)
rElec   .          Harm     .   (no cloak)
rCorr   .          Rampage  .   (no gloves)
Will    .....                   (no boots)
Stlth   ++........              (no amulet)
HPRegen 0.06/turn               (no ring)
MPRegen 0.09/turn               (no ring)

@: no status effects
A: no striking features
a: Renounce Religion, Depart the Abyss, Bend Space


You were on level 2 of the Dungeon.
You worshipped Lugonu.
Lugonu was pleased with you.
You visited 1 branch of the dungeon, and saw 2 of its levels.
You visited the Abyss 1 time.

You collected 28 gold pieces.

Inventory:

Hand Weapons
 a - a +1 short sword (weapon)
 f - a +0 dagger
Armour
 b - a +0 leather armour (worn)
Scrolls
 i - a scroll of fear
 j - 2 scrolls of magic mapping
Potions
 c - a potion of berserk rage {unknown}
 d - a potion of haste {unknown}
 e - 2 potions of flight {unknown}
 h - a potion of cancellation {unknown}


   Skills:
 + Level 2.6 Fighting
 * Level 2.5 Short Blades
 - Level 0.7 Armour
 - Level 2.4 Dodging
 * Level 1.8 Stealth
 - Level 2.0 Invocations


You had one spell level left.
You didn't know any spells.
Your spell library contained the following spells:

 Spells                   Type           Power      Damage    Failure   Level
 Sublimation of Blood     Necr           0%         N/A       52%         2
 Petrify                  Tmut/Erth      0%         N/A       98%         4
 Irradiate                Conj/Tmut      0%         3d11      100%        5


Dungeon Overview and Level Annotations

Branches:
Dungeon (2/15)

Altars:


Message History

As you read the scroll labelled YGUSTR WOUCZEKA, it crumbles to dust.
You hear the tinkle of a tiny bell.
It was a scroll of butterflies.
Unknown command.
As you read the scroll labelled HEFROUM VUOX, it crumbles to dust.
It is a scroll of identify.
i - a scroll of fear
(D) Dungeon
Where to? (? - help)
What level of the Dungeon? (default 1, ? - help)
You swap places.
You swap places.
There is a stone staircase leading down here.
Things that are here:
a +0 dagger; 3 stones You climb downwards.
Your summoned ally is left behind.
There is a stone staircase leading up here.
Found a trident.
A kobold comes into view. It is wielding a +0 dagger.
You hit the kobold.
You kill the kobold!
Lugonu accepts your kill.
Things that are here:
a +0 dagger; a kobold corpse A gnoll comes into view.
It is wielding a +0 halberd.
Found 15 gold pieces and a glowing scarf.
The gnoll shouts!
You hear a bark! x2
A gnoll is nearby!
A gnoll is nearby!
There is a stone staircase leading up here.
The gnoll closely misses you. The gnoll misses you.
There is a stone staircase leading up here.
You hit the gnoll but do no damage. The gnoll barely misses you.
You hit the gnoll but do no damage. The gnoll hits you with a +0 halberd.
You hit the gnoll but do no damage. The gnoll hits you with a +0 halberd.
You hit the gnoll.
The gnoll is lightly wounded.
The gnoll hits you with a +0 halberd!
Ouch! That really hurt!
You die...

#)# ...# #.# ...# #.#
..# #.# ###g.##### #.#
#......... #.#
#.#...#### #.#
##.#...###
#.#######.####........#
...........@g.........#
#.#####.######..........
#....)........#.8.
...............#...#[..
####....########.....
#...## ##.##. .....# .#
###.#.# # #.#.#


You could see a gnoll.

Vanquished Creatures
  3 bats (D:1)
  3 endoplasms (D:1)
  2 giant cockroaches (D:1)
  2 goblins (D:1)
  2 hobgoblins (D:1)
  3 kobolds
15 creatures vanquished.

Notes
Turn   | Place    | Note
-------+----------+-------------------------------------------
     0 | Abyss:1  | greasedhog the Deep Elf Abyssal Knight began the quest for
                  | the Orb.
     0 | Abyss:1  | Reached XP level 1. HP: 13/13 MP: 4/4
     3 | D:1      | Escaped the Abyss
   284 | D:1      | Reached skill level 1 in Stealth
   378 | D:1      | Reached XP level 2. HP: 18/18 MP: 5/5
   898 | D:2      | Slain by a gnoll

Illustrated notes

Levels and vault maps discovered:
D:1:      dpeg_arrival_rooms_with_view, layout_loops_ring
D:2:      minmay_thinvault, layout_loops_ring, ebering_ecumenical_altar_ruins,
          minmay_hexomino_u4

Skill      XL: |  1 |
---------------+----+-----
Stealth        | 1 |  1.8
Fighting       | |  2.6
Short Blades   | |  2.5
Armour         | |  0.7
Dodging        | |  2.4
Invocations    | |  2.0

Action                   || total
-------------------------++-------
Melee: Short sword       ||    54
       Punch             ||     1
  Use: Scroll            ||     3
Armor: Leather armour    ||    15
Dodge: Dodged            ||    30
